 Dungeon Crawl Stone Soup version 0.17-a0-1976-g482a304 (webtiles) character file.

173 Ordine the Ruffian (level 5, 0/53 HPs)
             Began as a Troll Monk on Oct 5, 2015.
             Killed by divine providence
             ... invoked by an orc priest
              (16 damage)
             ... on level 3 of the Dungeon.
             The game lasted 00:05:27 (1908 turns).

Ordine the Ruffian (Troll Monk)                     Turns: 1908, Time: 00:05:28

Health: 0/53       AC:  5    Str: 19    XL:     5   Next: 28%
Magic:  4/4        EV: 11    Int:  6    God:
Gold:   115        SH:  0    Dex: 13    Spells: 0 memorised, 4 levels left

rFire  . . .     SeeInvis .       - Unarmed
rCold  . . .     Clarity  .     a - +0 robe
rNeg   . . .     SustAt   .     (no shield)
rPois  .         Gourm    +     (helmet restricted)
rElec  .         Spirit   .     (no cloak)
rCorr  .         Warding  .     (gloves unavailable)
rMut   .         Stasis   .     (boots unavailable)
MR     .....                    (no amulet)
Stlth  +.........               (no ring)
                                (no ring)

@: not resistant to hostile enchantments, very unstealthy
A: unfitting armour, claws 3, fast metabolism 3, gourmand, regeneration 2,
shaggy fur 1, tough skin 2
a: no special abilities


You were on level 3 of the Dungeon.
You were completely stuffed.

You visited 1 branch of the dungeon, and saw 3 of its levels.

You collected 115 gold pieces.

Inventory:

Armour
 a - a +0 robe (worn)
Wands
 g - a wand of confusion (21)
Potions
 e - a potion of brilliance {unknown}
 k - 4 potions of haste {unknown}
 m - 2 potions of curing {unknown}
Comestibles
 b - 4 bread rations
 c - 14 chunks of flesh
 d - a beef jerky
 i - a meat ration


   Skills:
 + Level 3.2 Fighting
 + Level 3.2 Dodging
 - Level 1.1 Stealth
 * Level 5.5 Unarmed Combat


You had 4 spell levels left.
You didn't know any spells.

Dungeon Overview and Level Annotations

Branches:
Dungeon (3/15)

Altars:
Okawaru


Innate Abilities, Weirdness & Mutations

You are too large for most types of armour.
You have claws for hands.
Your metabolism is lightning-fast.
You like to eat raw meat.
You heal very quickly.
You are covered in fur (AC +1).
You have very tough skin (AC +2).


Message History

The orc priest is heavily wounded.
The orc misses you. The orc hits you but does no damage.
The orc priest barely misses you.
You claw the orc priest!
The orc priest is almost dead.
The orc barely misses you. The orc hits you but does no damage.
You claw the orc priest!
You kill the orc priest!
The orc priest barely misses you. The orc hits you with a short sword.
You scratch the orc priest.
The orc priest is moderately wounded.
The orc barely misses you.
The orc priest invokes the aid of Beogh against you.
Pain shoots through your body!
You barely miss the orc priest.
The orc priest is moderately wounded.
The orc hits you with a short sword. The orc hits you but does no damage.
The orc priest mumbles some strange prayers to Beogh against you.
Something smites you!
You die...

#................#...## #..#
#................##...####.##
#................##........##
#................)..#..##..##
#................)....####..#
#....................## ##..
###.########.###.##..# ### ##.#
###.###.##..# #### #..#
##..@o.#.....## #... #.##
##..oo.........## #... #.#
#...............###... ######.##
#....)...........##... ........#
#<....................
.###########').............###.##
.#≈≈≈≈≈≈≈≈≈.#....................
.#≈........≈#...........(.......(
.#≈.#≈≈≈≈#.≈#.............#######


You could see an orc priest and 2 orcs.

Vanquished Creatures
  An orc priest (D:3)
  Jessica (D:3)
  An orc wizard (D:3)
  3 adders (D:3)
  2 worms
  A giant gecko (D:3)
  3 orcs (D:3)
  5 bats
  6 giant cockroaches
  4 goblins
  5 hobgoblins
  8 jackals
  4 giant newts
  2 kobolds (D:1)
  5 rats
51 creatures vanquished.

Notes
Turn   | Place    | Note
--------------------------------------------------------------
     0 | D:1      | Ordine the Troll Monk began the quest for the Orb.
     0 | D:1      | Reached XP level 1. HP: 22/22 MP: 0/0
   533 | D:1      | Reached XP level 2. HP: 29/29 MP: 1/1
  1164 | D:2      | Found an iron altar of Okawaru.
  1220 | D:2      | Reached XP level 3. HP: 32/36 MP: 2/2
  1637 | D:3      | Noticed Jessica
  1642 | D:3      | Killed Jessica
  1642 | D:3      | Reached skill level 5 in Unarmed Combat
  1642 | D:3      | Reached XP level 4. HP: 40/44 MP: 3/3
  1877 | D:3      | Reached XP level 5. HP: 51/53 MP: 4/4
  1908 | D:3      | Killed from afar by an orc priest

Vault maps used:
D:1:      roderic_crossed_star
D:2:      overflow_temple_1_default, first_bread
D:3:      kennysheep_pointless_box, uniq_jessica

Action                   |  1- 3 |  4- 6 || total
-------------------------+-------+-------++-------
Melee: Unarmed           |    96 |    65 ||   161
  Use: Scroll            |     7 |     1 ||     8
 Stab: Sleeping          |     3 |       ||     3
  Eat: Chunk             |    20 |     3 ||    23
